 Dungeon Crawl Stone Soup version 0.27-a0-1202-ge72e49191c (webtiles) character file.

Game seed: 2216347254961554141

130 27snakeeyes612 the Chopper (level 5, 0/50 HPs)
             Began as a Naga Fighter on June 4, 2021.
             Killed by nerve-wracking pain
             ... invoked by Grinder
              (11 damage)
             ... while paralysed by Grinder
             ... on level 3 of the Dungeon.
             The game lasted 00:01:49 (2310 turns).

27snakeeyes612 the Chopper (Naga Fighter)           Turns: 2310, Time: 00:01:50

Health: 0/50       AC: 10    Str: 19    XL:     5   Next: 14%
Magic:  5/5        EV:  1    Int:  8    God:
Gold:   75         SH:  0    Dex: 11    Spells: 4/4 levels left

rFire    . . .     SeeInvis +   a - +0 war axe
rCold    . . .     Faith    .   c - +0 kite shield
rNeg     . . .     Spirit   .   m - +4 chain mail
rPois    +         Reflect  .   (no helmet)
rElec    .         Harm     .   (no cloak)
rCorr    .         Rampage  .   (no gloves)
Will     .....                  (no barding)
Stlth    ..........             (no amulet)
HPRegen  0.16/turn              (no ring)
MPRegen  0.09/turn              (no ring)

@: paralysed, mighty, very slow
A: AC +1, large, see invisible, deformed body, poison resistance, slowness 2,
spit poison 1, naga tail 1
a: Spit Poison


You were on level 3 of the Dungeon.
You visited 1 branch of the dungeon, and saw 3 of its levels.

You collected 75 gold pieces.

Inventory:

Hand Weapons
 a - a +0 war axe (weapon)
Armour
 b - a +0 scale mail
 c - a +0 kite shield (worn)
 m - a +4 chain mail (worn)
Jewellery
 e - a ring of flight
 g - a ring of protection from fire
Scrolls
 i - a scroll of identify {unknown}
 j - a scroll of vulnerability {unknown}
 l - a scroll of teleportation {unknown}
 n - a scroll of fear {unknown}
Potions
 f - 3 potions of curing
 h - a potion of brilliance {unknown}


   Skills:
 + Level 3.7 Fighting
 + Level 3.8 Axes
 + Level 2.7 Armour
 + Level 0.3 Dodging
 + Level 2.8 Shields


You had 4 spell levels left.
You didn't know any spells.
Your spell library contained the following spells:

 Spells                   Type           Power      Damage    Failure   Level
 Summon Small Mammal      Summ           0%         N/A       100%        1
 Call Imp                 Summ           0%         N/A       100%        2
 Call Canine Familiar     Summ           0%         N/A       100%        3
 Summon Guardian Golem    Hex/Summ       0%         N/A       100%        3
 Summon Ice Beast         Ice/Summ       0%         N/A       100%        4
 Summon Lightning Spire   Summ/Air       0%         N/A       100%        4


Dungeon Overview and Level Annotations

Branches:
Dungeon (3/15)

Altars:

Annotations:
D:3 Grinder


Innate Abilities, Weirdness & Mutations

Your serpentine skin is tough. (AC +1)
You have supernaturally acute eyesight. (SInv)
Armour fits poorly on your strangely shaped body.
Your system is resistant to poisons. (rPois)
You cover ground very slowly.
You can spit poison.
You have a snake-like lower body.


Message History

Grinder gestures at you.
You suddenly lose the ability to move!
Grinder gestures at you. You resist with some effort. Grinder gestures at you.
You struggle to resist.
Grinder gestures at you. You resist with some effort.
You can move again.
You feel very mighty all of a sudden.
It was a potion of curing.
You feel better.
Grinder blinks!
You hit Grinder.
Grinder is lightly wounded.
You have got your breath back.
Grinder blinks!
Grinder gestures at you. Pain shoots through your body!
Grinder says, "You look like you could use a good racking."
You barely miss Grinder.
Grinder is lightly wounded.
Grinder hits you. Grinder gestures at you. Pain shoots through your body!
Your shield and chain mail prevent you from hitting Grinder.
Grinder is lightly wounded.
Grinder gestures at you. Pain shoots through your body!
You slash Grinder!
Grinder is moderately wounded.
You block Grinder's attack. Grinder hits you.
You writhe in agony.
You slash Grinder!
Grinder is severely wounded.
Grinder gestures at you.
You suddenly lose the ability to move!
Grinder hits you.
You writhe in agony.
* * * LOW HITPOINT WARNING * * *
Grinder hits you but does no damage. Grinder gestures at you.
Pain shoots through your body!
You die...

###### # #.##.##
####### # #.########
#.....# #.........
#.###.####.##.########
#.# #......##.#
#.###.#######.#
#.....## #.# ...#...#
#.#############
###.##.#
#..5@.........#
###.##.#
####.########.#
.....#.# #.# #.#
##...#.# #.# #.#
#......# #.# #.#
#......# #.# #.#
†......# #.# #.#
##...#.# #.# #(#
###.#.#########.# #..


You could see Grinder.

Vanquished Creatures
  A water moccasin skeleton (D:3)
  A gnoll (D:2)
  An adder (D:2)
  A dart slug (D:1)
  5 orcs (D:3)
  5 endoplasms
  7 goblins
  6 hobgoblins
  2 jackals (D:2)
  5 kobolds
  2 quokkas
  6 ball pythons
  5 bats
  A frilled lizard (D:3)
  7 rats
55 creatures vanquished.

Vanquished Creatures (others)
  A plant (D:2)
1 creature vanquished.

Grand Total: 56 creatures vanquished

Notes
Turn   | Place    | Note
-------+----------+-------------------------------------------
     0 | D:1      | 27snakeeyes612 the Naga Fighter began the quest for the
                  | Orb.
     0 | D:1      | Reached XP level 1. HP: 21/21 MP: 1/1
   140 | D:1      | Reached XP level 2. HP: 28/28 MP: 2/2
   518 | D:1      | Found a faded altar of an unknown god.
  1124 | D:2      | Reached XP level 3. HP: 23/34 MP: 3/3
  1681 | D:2      | Reached XP level 4. HP: 17/42 MP: 4/4
  2144 | D:3      | Reached XP level 5. HP: 47/50 MP: 5/5
  2283 | D:3      | Noticed Grinder
  2295 | D:3      | Paralysed by Grinder for 4 turns
  2307 | D:3      | Paralysed by Grinder for 5 turns
  2310 | D:3      | Killed from afar by Grinder

Illustrated notes

Levels and vault maps discovered:
D:1:      wander_arrival_peaceful_grave, layout_loops_ring,
          ebering_ecumenical_altar_abandoned
D:2:      layout_rooms, serial_forest, infiniplex_forest_clump_long,
          infiniplex_forest_clump_double, infiniplex_forest_lined_room_3,
          infiniplex_forest_lined_room_2, infiniplex_forest_clump_tiny,
          infiniplex_forest_lined_2, cheibrodos_gnoll_hut
D:3:      layout_loops_ring, nicolae_overflow_hidden_temple, uniq_ijyb,
          uniq_sigmund, uniq_grinder

Skill      XL: |  1  2  3 |
---------------+----------+-----
Axes           | 3 |  3.8
Fighting       | |  3.7
Armour         | |  2.7
Dodging        | |  0.3
Shields        | |  2.8

Action                   |  1- 3 |  4- 6 || total
-------------------------+-------+-------++-------
Melee: War axe           |   121 |    56 ||   177
Throw: Throwing net      |       |     1 ||     1
 Abil: Spit Poison       |       |     1 ||     1
  Use: Potion            |       |     2 ||     2
Armor: Scale mail        |    37 |       ||    37
       Chain mail        |    25 |    39 ||    64
Dodge: Dodged            |    26 |     8 ||    34
Block: Kite shield       |    67 |    25 ||    92

Table legend: (Time is in decaauts)
 A = Elapsed time spent in this place.
 B = Non-inter-level travel time spent in this place.
 C = Inter-level travel time spent in this place.
 D = Time resting spent in this place.
 E = Time spent auto-exploring this place.
 F = Levels seen in this place.
 G = Mean time per level.
                   A        B        C        D        E       F      G
               +--------+--------+--------+--------+--------+-----+--------+
         Total |   2972 |   2917 |     55 |      0 |   2417 |   3 |  990.7 |
       Dungeon |   2972 |   2917 |     55 |      0 |   2417 |   3 |  990.7 |
               +--------+--------+--------+--------+--------+-----+--------+

Top non-repeatable levels by time:
     D:1: 1269 daAuts
     D:2: 1196 daAuts
     D:3: 505 daAuts
